 Dungeon Crawl Stone Soup version 0.16-a0-2296-gdce89d5 (webtiles) character file.

1397 smajdalf the Grappler (level 8, 0/74 HPs)
             Began as a Ghoul Warper on Nov 17, 2014.
             Was a Follower of Kikubaaqudgha.
             Slain by Prince Ribbit (15 damage)
             ... on level 6 of the Dungeon.
             The game lasted 00:26:12 (10638 turns).

smajdalf the Grappler (Ghoul Warper)               Turns: 10638, Time: 00:26:12

Health: 0/74       AC: 10    Str: 15    XL:     8   Next: 69%
Magic:  10/10      EV: 14    Int: 10    God:    Kikubaaqudgha [*.....]
Gold:   309        SH:  0    Dex: 13    Spells: 3 memorised, 5 levels left

rFire  . . .     SeeInvis .       - Unarmed
rCold  + . .     Clarity  +     a - +0 ring mail (curse)
rNeg   + + +     SustAb   .     (no shield)
rPois  +         Gourm    .     (no helmet)
rElec  .         Spirit   .     D - +0 cloak
rCorr  .         Warding  .     (no gloves)
rMut   .         Stasis   .     (no boots)
MR     .....                    B - amulet of clarity
Stlth  ++........               w - ring of flight
                                t - +4 ring of protection (curse)

@: agile, rotting, not resistant to hostile enchantments, unstealthy
A: rotting body, claws 1, carnivore 3, cold resistance 1, negative energy
resistance 3, poison resistance, slow healing 1, torment resistance, unbreathing
a: Receive Corpses, Renounce Religion, Evoke Flight


You were on level 6 of the Dungeon.
You worshipped Kikubaaqudgha.
Kikubaaqudgha was aware of your devotion.
You were not hungry.

You visited 2 branches of the dungeon, and saw 7 of its levels.
You also visited: Ossuary.

You collected 309 gold pieces.

Inventory:

Missiles
 e - 5 tomahawks of dispersal
 z - 5 javelins (quivered)
Armour
 a - a cursed +0 ring mail (worn)
 u - the +1 robe "Mnehut" {Str+4 Dex+3}
   (You found it on level 4 of the Dungeon)

   It affects your strength (+4).
   It affects your dexterity (+3).
 A - the +3 chain mail of Cichum {Int+3 Dex-2, unknown}
   (You found it on level 6 of the Dungeon)

   It affects your intelligence (+3).
   It affects your dexterity (-2).
 D - a +0 cloak (worn)
 F - the cursed +0 leather armour "Vyutsati" {Str+2, unknown}
   (You found it on level 6 of the Dungeon)

   It affects your strength (+2).
   It has a curse placed upon it.
Jewellery
 t - a cursed +4 ring of protection (left claw)
 w - a ring of flight (right claw)
 B - an amulet of clarity (around neck)
Scrolls
 d - 3 scrolls of blinking
 f - 6 scrolls of remove curse
 g - 6 scrolls of identify
 k - a scroll of immolation {unknown}
 m - a scroll of fog {unknown}
 n - a scroll of amnesia {unknown}
 r - 4 scrolls of magic mapping {unknown}
 s - a scroll of recharging {unknown}
 y - a scroll of teleportation {unknown}
Potions
 b - 3 potions of curing
 h - a potion of cure mutation {unknown}
 o - 2 potions of lignification {unknown}
 p - 2 potions of agility
 q - 2 potions of cancellation {unknown}
 v - a potion of flight {unknown}
 x - a potion of restore abilities {unknown}
Books
 c - a book of Spatial Translocations

   Spells                             Type                      Level
   *Apportation                       Translocation                1
   *Blink                             Translocation                2
   *Shroud of Golubria                Charms/Translocation         2
   Portal Projectile                  Translocation                3
   Teleport Other                     Translocation                3
   Passage of Golubria                Translocation                4
 C - Kikubaaqudgha's Collected Works on Darkness
   (Kikubaaqudgha gifted it to you on level 6 of the Dungeon)

   Spells                             Type                      Level
   Animate Skeleton                   Necromancy                   1
   Pain                               Necromancy                   1
   Corpse Rot                         Necromancy                   2
   Vampiric Draining                  Necromancy                   3
   Control Undead                     Necromancy                   4
Comestibles
 i - 6 meat rations
 j - a royal jelly
 l - 2 beef jerkies
 E - a chunk of flesh


   Skills:
 - Level 8.1 Fighting
 - Level 0.8 Throwing
 - Level 0.8 Armour
 - Level 1.7 Dodging
 + Level 8.6 Unarmed Combat
 - Level 1.7 Spellcasting
 - Level 2.6 Translocations


You had 5 spell levels left.
You knew the following spells:

 Your Spells              Type           Power        Failure   Level  Hunger
a - Apportation           Tloc           #.........   14%         1    ##.....
b - Blink                 Tloc           N/A          21%         2    ###....
c - Shroud of Golubria    Chrm/Tloc      #.........   38%         2    ###....


Dungeon Overview and Level Annotations

Branches:
Dungeon (6/15)             Temple (1/1) D:5

Altars:
Ashenzari
Cheibriados
Dithmenos
Elyvilon
Fedhas
Gozag
Kikubaaqudgha
Makhleb
Nemelex Xobeh
Okawaru
Qazlal
Ru
Sif Muna
Trog
Vehumet
Xom
Yredelemnul
Zin
The Shining One

Shops:
D:4 ?

Annotations:
D:4 shop: scrolls
D:6 Prince Ribbit


Innate Abilities, Weirdness & Mutations

Your body is rotting away.
You thrive on raw meat.
You have sharp fingernails.
You are carnivorous and can eat meat at any time.
Your flesh is cold resistant.
You are immune to negative energy.
Your system is resistant to poisons.
You heal slowly when monsters are visible.
You are immune to unholy pain and torment.
You can survive without breathing.


Message History

Prince Ribbit momentarily phases out as your attack passes through him.
Prince Ribbit is moderately wounded.
Prince Ribbit hits you but does no damage.
You claw Prince Ribbit!
Prince Ribbit begins to bleed from his wounds!
Prince Ribbit is heavily wounded.
Prince Ribbit hits you.
* * * LOW HITPOINT WARNING * * *
Unknown command.
Drink which item? (? for menu, Esc to quit)
You feel agile all of a sudden.
It was a potion of agility.
Prince Ribbit hits you but does no damage.
Prince Ribbit hits you.
* * * LOW HITPOINT WARNING * * *
You completely miss Prince Ribbit.
Prince Ribbit is heavily wounded.
Prince Ribbit hits you!
You die...
Kikubaaqudgha rasps: "You have failed me!
Welcome... oblivion!"

+##......##'######'#......>.#####
....##+####...##......####....###
....#....#.....'......#..#....'..
....'....+.....#......'..#....#..
....#....#.....#......#..'....#..
....#).####...##......##+#....#..
...##..####...###+#...........##+
...#...........#..+..............
...+..........rF@.#..............
...#..........##+##..............
...##+###.....#......#'###)......
........##'####......#...#.......
...................).'...#....###
.....................#...#....+
.....................#...+<...#
..................>..#...#....#+#
.....................###+#.......


You could see Prince Ribbit (bleeding) and a rat.

Vanquished Creatures
  Eustachio (D:5)
  An ice beast (D:6)
  3 ogres
  A centaur (D:5)
  2 elf zombies (Ossuary)
  2 jellies
  A gnoll shaman (D:3)
  An orc priest (D:6)
  A hound (D:6)
  2 centaur skeletons (D:4)
  2 worker ants (D:6)
  An orc wizard (D:6)
  Ijyb (D:6)
  A hound skeleton (D:5)
  4 mummies (Ossuary)
  A worker ant zombie (D:6)
  13 gnolls
  5 adders
  2 giant mites
  5 worms
  2 ufetubi (D:5)
  7 giant geckos
  2 oozes
  11 orcs
  6 bats
  A giant cockroach (D:1)
  9 hobgoblins
  2 jackals (D:3)
  11 kobolds
  2 quokkas (D:2)
  5 ball pythons
  2 giant newts
  A gnoll zombie (Ossuary)
  20 goblins
  2 jackal zombies (Ossuary)
  2 kobold zombies (Ossuary)
  An orc zombie (Ossuary)
  16 rats
  2 rat zombies (Ossuary)
154 creatures vanquished.

Vanquished Creatures (others)
  A jackal zombie (Ossuary)
  A kobold zombie (Ossuary)
2 creatures vanquished.

Grand Total: 156 creatures vanquished

Notes
Turn   | Place    | Note
--------------------------------------------------------------
     0 | D:1      | smajdalf, the Ghoul Warper, began the quest for the Orb.
     0 | D:1      | Reached XP level 1. HP: 17/17 MP: 2/2
   123 | D:1      | Reached XP level 2. HP: 15/24 MP: 3/3
   147 | D:1      | Reached skill level 3 in Unarmed Combat
   349 | D:1      | Reached XP level 3. HP: 21/29 MP: 5/5
   602 | D:1      | Reached skill level 4 in Unarmed Combat
  2231 | D:2      | Reached XP level 4. HP: 30/32 MP: 5/5
  2538 | D:2      | Reached skill level 5 in Unarmed Combat
  3277 | D:1      | Reached XP level 5. HP: 41/41 MP: 6/6
  4475 | D:3      | Reached skill level 6 in Unarmed Combat
  4601 | D:3      | Found a burning altar of Makhleb.
  5108 | D:3      | Found a burning altar of Makhleb.
  5299 | D:4      | Found Cuasuim's Magic Scroll Shop.
  5382 | D:4      | Noticed an ogre
  5773 | D:4      | Found a sand-covered staircase.
  5787 | Ossuary  | Entered an ossuary
  5852 | Ossuary  | Reached skill level 7 in Unarmed Combat
  5852 | Ossuary  | Reached XP level 6. HP: 29/48 MP: 8/8
  6369 | Ossuary  | Got an ichor-stained hand axe
  6371 | Ossuary  | Identified the +12 hand axe of the Hall of Blades {freeze, rF+ MR+} (You found it in an ossuary)
  6696 | D:4      | Got a twisted robe
  6766 | D:4      | Reached skill level 8 in Unarmed Combat
  6766 | D:4      | Reached XP level 7. HP: 43/50 MP: 8/8
  6770 | D:4      | Learned a level 2 spell: Blink
  6773 | D:4      | Learned a level 2 spell: Shroud of Golubria
  6773 | D:4      | Identified the +1 robe "Mnehut" {Str+4 Dex+3} (You found it on level 4 of the Dungeon)
  7675 | D:4      | Killed an ogre
  7724 | D:4      | Found Cuasuim's Magic Scroll Shop.
  8330 | D:5      | Entered Level 5 of the Dungeon
  8424 | D:5      | Found an iron altar of Okawaru.
  8458 | D:5      | Noticed Eustachio
  8519 | D:5      | Killed Eustachio
  8519 | D:5      | Reached skill level 5 in Fighting
  8692 | D:5      | Reached XP level 8. HP: 31/69 MP: 10/10
  8945 | D:5      | Found a staircase to the Ecumenical Temple.
  8951 | Temple   | Entered the Ecumenical Temple
  9085 | Temple   | Became a worshipper of Kikubaaqudgha
  9460 | D:5      | Found an iron altar of Okawaru.
  9569 | D:5      | Found a staircase to the Ecumenical Temple.
  9723 | D:6      | Found a white marble altar of Elyvilon.
  9748 | D:6      | Noticed Ijyb
  9757 | D:6      | Killed Ijyb
  9799 | D:6      | Found a stormy altar of Qazlal.
  9922 | D:6      | Got an ancient chain mail
 10063 | D:6      | Noticed Prince Ribbit
 10483 | D:6      | Acquired Kikubaaqudgha's first power
 10483 | D:6      | Received a gift from Kikubaaqudgha
 10486 | D:6      | Identified Kikubaaqudgha's Collected Works on Darkness (Kikubaaqudgha gifted it to you on level 6 of the Dungeon)
 10565 | D:6      | Got a crude leather armour
 10638 | D:6      | Slain by Prince Ribbit

Action                   |  1- 3 |  4- 6 |  7- 9 || total
-------------------------+-------+-------+-------++-------
Melee: Unarmed           |    90 |   338 |   260 ||   688
 Cast: Blink             |       |       |     1 ||     1
  Use: Potion            |       |     5 |     1 ||     6
       Scroll            |       |     2 |     1 ||     3
  Eat: Chunk             |    13 |    31 |    48 ||    92
       Beef jerky        |       |       |     1 ||     1
